[Event "FIDE WSTC-50-65 2022"]
[Site "Acqui Terme"]
[Date "2022.06.23"]
[Round "4.3"]
[White "Hebden, Mark L"]
[Black "Novikov, Igor"]
[Result "0-1"]
[ECO "D30"]
[WhiteElo "2452"]
[BlackElo "2551"]
[Annotator "TA"]
[PlyCount "91"]
[EventDate "2022.06.20"]
[EventType "team-tourn"]
[EventCountry "ITA"]
[SourceTitle "playchess.com"]
[Source "ChessBase"]
[SourceQuality "1"]
[TimeControl "40/5400+30:1800+30"]

1. d4 d5 2. Nf3 Nf6 3. c4 e6 4. e3 c5 5. cxd5 exd5 6. Bb5+ Nc6 7. O-O Bd6 {[%emt 0:01:30] 7...cxd4 gains popularity. D30: Queen's Gambit Declined: Systems without Nc3.} 8. Qc2 Qb6 $1 9. dxc5 (9. Bxc6+ $5 bxc6 10. b3 $15) 9... Bxc5 {[%emt 0:01:30] The position is equal.} (9... Bxh2+ $5 10. Nxh2 Qxb5 $11) 10. Bxc6+ bxc6 11. Nc3 {[%emt 0:06:30] [#] Black must now prevent Na4.} Be7 $5 $146 {[%emt 0:02:30][%mdl 8] An interesting novelty.} ({Predecessor:} 11... Qc7 12. e4 O-O 13. exd5 cxd5 14. Bg5 Be7 15. Rac1 Qb7 16. Rfe1 h6 17. Bh4 Bd8 {½-½ (35) Rost,D (2451)-Babic,D (2463) ICCF email 2016}) 12. e4 dxe4 13. Nxe4 O-O 14. Bg5 c5 15. Rfe1 Bb7 16. Nfd2 Rac8 17. Nc4 Qa6 {[%emt 0:01:30] [#]} 18. Ng3 {[%emt 0:11:55] Pair of Knights!} ({White should try} 18. Rad1 $1 $14) 18... Rfe8 $11 19. b3 Bf8 20. Rad1 Nd5 21. a3 Nb6 22. Be3 Nxc4 23. bxc4 Re6 (23... Qxa3 $2 24. Ra1 Qb4 25. Reb1 $18) 24. Bc1 Rce8 25. Rxe6 Qxe6 26. f3 (26. Bf4 $11 {remains equal.}) 26... Ba6 $17 {[%emt 0:01:54][%cal Bb7a6,Ba6c4,Bc4d3][%mdl 32] Black converts the advantage convincingly.} 27. Bd2 (27. Ne4 $142) 27... Qxc4 (27... Bxc4 $2 28. Re1 $18) 28. Qxc4 Bxc4 29. Ne4 Bd3 30. Nf2 Bg6 {[%emt 0:01:06] Black is more active.} 31. Kf1 f6 32. Rc1 Re6 33. Rc3 a6 34. Be3 Rc6 35. Ne4 c4 36. Ke2 Bf7 37. g4 Bd5 38. Bc1 Re6 39. Re3 (39. Be3 $142) 39... Bxe4 $19 40. Rxe4 (40. fxe4 $142 Bd6 41. h3) 40... Rxe4+ 41. fxe4 {[%emt 0:01:18] KB-KB} Bd6 42. h4 Kf7 43. h5 Ke6 44. Bb2 Be5 45. Bc1 Kd6 46. h6 $2 {[%emt 0:06:00] Weighted Error Value: White=0.26 (precise) /Black=0.12 (very precise)} (46. Kd1) 0-1

[Event "FIDE WSTC-50-65 2022"]
[Site "Acqui Terme"]
[Date "2022.06.23"]
[Round "4.4"]
[White "Ehlvest, Jaan"]
[Black "Emms, John M"]
[Result "1/2-1/2"]
[ECO "B38"]
[WhiteElo "2517"]
[BlackElo "2478"]
[Annotator "TA"]
[PlyCount "53"]
[EventDate "2022.06.20"]
[EventType "team-tourn"]
[EventCountry "ITA"]
[SourceTitle "playchess.com"]
[Source "ChessBase"]
[SourceQuality "1"]
[TimeControl "40/5400+30:1800+30"]

1. e4 c5 2. Nf3 Nc6 3. d4 cxd4 4. Nxd4 g6 5. c4 Nf6 6. Nc3 d6 7. f3 Bg7 8. Be3 O-O 9. Qd2 Nxd4 10. Bxd4 Qa5 11. Be2 Be6 12. b3 {[%emt 0:01:30] B38: Sicilian: Maroczy Bind with 5...Bg7 and 7...0-0.} Rfc8 13. Rb1 a6 14. O-O {[%emt 0:14:30] White is slightly better.} Rab8 15. Rfd1 Nd7 16. Bxg7 $1 Kxg7 {[%emt 0:00:30] [#]} 17. a4 $146 {[%emt 0:08:30] Prevents b5.} ({Predecessor:} 17. f4 f6 18. a4 Qb4 19. Kh1 Nc5 20. Qb2 Nd7 21. Bf3 Qc5 22. Re1 h6 23. Rbd1 {½-½ (61) Amanov,Z (2366)-Debashish,D (2077) New Delhi 2008}) 17... Nf6 18. Kh1 g5 19. Bf1 h6 20. Re1 Qb4 21. Qb2 Rc7 22. Rbd1 Rbc8 23. Rd2 Kg8 24. Na2 Qb6 25. Nc3 Qb4 $1 26. Na2 Qb6 {[%emt 0:00:07] [#]} 27. Nc3 {[%emt 0:00:04] Weighted Error Value: White=0.14 (very precise) /Black=0.08 (flawless)} (27. g3 $1 $16) 1/2-1/2

[Event "FIDE WSTC-50-65 2022"]
[Site "Acqui Terme"]
[Date "2022.06.23"]
[Round "4.5"]
[White "David, Alberto"]
[Black "Horvath, Jozsef"]
[Result "1-0"]
[ECO "B11"]
[WhiteElo "2520"]
[BlackElo "2429"]
[Annotator "TA"]
[PlyCount "115"]
[EventDate "2022.06.20"]
[EventType "team-tourn"]
[EventCountry "ITA"]
[SourceTitle "playchess.com"]
[Source "ChessBase"]
[SourceQuality "1"]
[TimeControl "40/5400+30:1800+30"]

1. e4 c6 2. Nf3 d5 3. Nc3 Bg4 4. h3 Bxf3 5. Qxf3 e6 6. g3 g6 7. Bg2 Bg7 8. O-O Nd7 {[%emt 0:01:30] B11: Caro-Kann: Two Knights Variation.} 9. Qe2 Ne7 10. d3 O-O {[%emt 0:02:30] The position is equal.} 11. Bg5 Re8 12. Rae1 {[%emt 0:00:30] [#]} Qa5 $146 ({Predecessor:} 12... d4 13. Nb1 Qa5 14. Bd2 Qa4 15. Rc1 c5 16. c4 dxc3 17. Bxc3 Nc6 18. Bxg7 Kxg7 {1-0 (60) Ponizil,C (2377)-Kuchynka,L (2310) Czech Republic 2012}) 13. Bd2 Qa6 14. a3 Rac8 15. Bc1 dxe4 16. Nxe4 {[%emt 0:03:30] aiming for Nd6.} c5 17. g4 Nf6 18. Nxf6+ Bxf6 19. Qf3 Bg7 (19... Nd5 $2 20. c4 $18) 20. Qxb7 Qxb7 21. Bxb7 Rb8 22. Bf3 {[%emt 0:00:05] White wants to play b3.} Bxb2 23. Bf4 {[%emt 0:00:04] A strong pair of Bishops.} Rbd8 24. Rb1 Bxa3 25. Ra1 (25. Rb7 {looks sharper.} a5 26. Be5 Nd5 27. c3) 25... Bb2 26. Rxa7 Nd5 27. Bxd5 exd5 28. Rb1 Bd4 29. Kf1 {[%emt 0:00:04] Inhibits Re2.} Ra8 30. Rbb7 c4 31. Rxa8 Rxa8 $14 {[%emt 0:00:30][%mdl 4096] Endgame KRB-KRB} 32. Rd7 cxd3 33. cxd3 f5 (33... Ra1+ $11 34. Kg2 Ra2) 34. Kg2 (34. gxf5 $16 Ra1+ 35. Kg2) 34... Ra2 35. Rxd5 Bxf2 ({Not} 35... Rxf2+ 36. Kg3 Bb6 37. gxf5 $16) 36. Kf3 fxg4+ 37. hxg4 Bb6 {[%emt 0:00:00] Inhibits Rd8+.} 38. Bh6 Bc7 (38... Rh2 $11 {remains equal.} 39. Bf4 Rf2+ 40. Kg3 Rf1) 39. g5 (39. Rd7 $1 $16 Bh2 40. d4) 39... Bb6 40. Rd6 Bc5 41. Rc6 Be7 42. Rc7 Bf6 43. Rd7 $2 (43. gxf6 {mates} Ra8 44. f7+ Kh8 45. Re7 Rd8 46. Re8+ Rxe8 47. fxe8=Q#) 43... Be5 (43... Rh2 $16) 44. Re7 $2 ({White should play} 44. d4 $18 Bh2 45. Rg7+ Kh8 46. Rd7) 44... Bc3 45. Rd7 {[%emt 0:02:10] Strongly threatening d4.} Ra4 {[%emt 0:10:04] Inhibits d4.} (45... Be5 $11) 46. Ke3 $1 $16 Ra8 (46... Rh4 $16 {is a better defense.}) 47. d4 $18 Ba5 {[%emt 0:01:49] [#]} 48. Rg7+ (48. Ke4 $1 $18) 48... Kh8 $16 49. Rb7 {[%emt 0:00:04] d5 is the strong threat.} Kg8 50. d5 {[%emt 0:03:04] White is more active.} (50. Kd3 $16) 50... Ra7 $2 51. Rxa7 {[%emt 0:00:06] White mates.} Bb6+ 52. Ke4 Bxa7 {[%emt 0:00:03] KB-KB} 53. d6 Kf7 54. Kd5 Be3 55. Kc6 Ke8 {[%emt 0:01:06] [#]} 56. d7+ $1 Kd8 57. Bf8 Bxg5 58. Bd6 {[%emt 0:00:23] Weighted Error Value: White=0.31/Black=0.46} 1-0

[Event "FIDE WSTC-50-65 2022"]
[Site "Acqui Terme"]
[Date "2022.06.23"]
[Round "4.6"]
[White "Varga, Zoltan"]
[Black "Godena, Michele"]
[Result "1-0"]
[ECO "A21"]
[WhiteElo "2395"]
[BlackElo "2478"]
[Annotator "TA"]
[PlyCount "83"]
[EventDate "2022.06.20"]
[EventType "team-tourn"]
[EventCountry "ITA"]
[SourceTitle "playchess.com"]
[Source "ChessBase"]
[SourceQuality "1"]
[TimeControl "40/5400+30:1800+30"]

1. c4 e5 2. Nc3 Bb4 3. Nd5 Be7 4. Nf3 d6 5. d4 e4 6. Nd2 {[%emt 0:03:30] A21: English Opening: 1...e5 2 Nc3.} f5 7. e3 Nf6 8. Nf4 ({Better is} 8. Nxe7 $14 Qxe7 9. b4) 8... O-O {[%emt 0:05:30] [#]} 9. h4 $146 ({Predecessor:} 9. b4 c5 10. Nb3 cxb4 11. a3 g5 12. Nh3 h6 13. axb4 d5 14. c5 Be6 15. Ng1 {1-0 (42) Kharlov,A (2633)-Supatashvili,K (2509) Batumi 2002}) 9... c6 10. b4 Na6 11. Qb3 (11. b5 $5 Nc7 12. bxc6 $11) 11... Nc7 12. d5 cxd5 13. cxd5 Ng4 14. g3 Bf6 15. Bb2 a5 16. Bxf6 (16. bxa5 {feels hotter.} Rxa5 17. Be2 Qe7 18. Rb1) 16... Nxf6 17. b5 Kh8 (17... a4 $11 18. Qc4 Bd7) 18. b6 $2 {[%emt 0:06:30] [#]} (18. a4 $16) 18... Na6 $2 (18... Ncxd5 $1 $17 {[%mdl 512] Hoping for ...a4.} 19. Nxd5 a4) 19. Bxa6 $16 {[%emt 0:00:00] White is much more active. Black is now going downhill.} Rxa6 20. Nc4 Nd7 (20... Qe7 $16) 21. Ne6 $18 {[%emt 0:00:30] Pair of Knights!} ({Not} 21. Nxd6 $2 Qf6 22. O-O Qxd6 $19) 21... Qf6 22. O-O Nc5 23. Nxc5 dxc5 24. Qb5 f4 25. exf4 ({Weaker is} 25. Qxc5 Bh3 26. exf4 Rc8 $16) 25... Bh3 (25... e3 {was called for.} 26. Nxe3 Qxb6 27. Qxb6 Rxb6) 26. Rfe1 Raa8 27. Rac1 Bg4 28. Qxc5 Rac8 29. Qd6 Qd4 (29... h5 $142 30. Qe5 Rc5) 30. Ne5 Bh3 {[%emt 0:00:30] [#]} 31. Rc4 $1 Qd2 32. Rcxe4 Qxa2 33. R4e2 Qb3 34. Re3 Qa4 35. g4 Rxf4 36. Rxh3 Rcf8 37. Nd7 Rxg4+ 38. Rg3 Rxg3+ 39. fxg3 Qd4+ 40. Kh1 Ra8 41. Nb8 h6 42. Qf8+ {[%emt 0:00:30] Weighted Error Value: White=0.39/Black=0.43} 1-0

[Event "FIDE WSTC-50-65 2022"]
[Site "Acqui Terme"]
[Date "2022.06.23"]
[Round "4.7"]
[White "Garcia Palermo, Carlos Horacio"]
[Black "Horvath, Peter"]
[Result "1-0"]
[ECO "D30"]
[WhiteElo "2415"]
[BlackElo "2396"]
[Annotator "TA"]
[PlyCount "81"]
[EventDate "2022.06.20"]
[EventType "team-tourn"]
[EventCountry "ITA"]
[SourceTitle "playchess.com"]
[Source "ChessBase"]
[SourceQuality "1"]
[TimeControl "40/5400+30:1800+30"]

1. d4 d5 2. Nf3 Nf6 3. e3 e6 4. c4 a6 5. b3 c5 6. Bb2 {[%emt 0:00:30] D30: Queen's Gambit Declined: Systems without Nc3.} cxd4 {[%emt 0:01:30] 6...cxd4 scores better than 6...Nc6.} 7. exd4 Nc6 8. Nbd2 {[%emt 0:00:00] The position is equal.} g6 9. g3 Bg7 10. Bg2 O-O 11. O-O b6 12. Qe2 Bb7 13. Rfd1 Rc8 {[%emt 0:09:30] [#]} 14. Nf1 $146 ({Predecessor:} 14. Rac1 Qe7 15. Ne5 Rfd8 16. a3 a5 17. Nf1 {½-½ (17) Sumets,A (2575)-Kollars,D (2540) Cap d'Agde 2018}) 14... Qe7 15. Ne3 Rfd8 16. Ne5 (16. Rac1 {is more complex.} h5 17. cxd5 Nxd5 18. Nxd5 exd5 19. Qd2) 16... dxc4 (16... h5 {with more complications.} 17. cxd5 Nxd5 18. Nxd5 exd5 19. Rd2 Qe6) 17. Bxc6 Bxc6 18. Nxc6 Rxc6 19. bxc4 Rcc8 20. Rab1 Rb8 21. Ba1 Qe8 22. Qf3 Nd7 23. Re1 Rdc8 24. Rbc1 Qd8 25. Qe2 b5 26. d5 e5 27. cxb5 Rxb5 28. Rc6 Rxc6 {[%emt 0:01:09] This costs Black the game.} ({Black should play} 28... Rc5 $14) 29. dxc6 $18 Nc5 $2 (29... Nb6 30. Nc4 Rc5 31. Nxe5 Bxe5) 30. Rd1 Qc8 (30... Qb8 31. Qc2 Ne6) 31. Nd5 {[%emt 0:00:30] [#] Strongly threatening Ne7+.} Kf8 {[%emt 0:00:36] Against Ne7} 32. Bxe5 Qxc6 33. Nc7 $2 (33. Bxg7+ {mates} Kxg7 34. Qe5+ Kh6 35. Ne7 Qc8 36. Nxc8 Ne6 37. Qe3+ Kg7 38. Qc3+ Kh6 39. Nd6) 33... Rb8 34. Bxg7+ Kxg7 35. Qe5+ Kh6 {[%emt 0:01:39] [#]} 36. Ne6 $1 Nxe6 37. Qxb8 Kg7 38. Qe5+ f6 $2 (38... Kg8 39. Rb1 Nf8) 39. Qd6 {[%emt 0:00:44] White is clearly winning.} Qf3 40. Qd3 Qg4 41. Qd7+ {[%emt 0:03:31] Weighted Error Value: White=0.36/Black=0.57} 1-0

[Event "FIDE WSTC-50-65 2022"]
[Site "Acqui Terme"]
[Date "2022.06.23"]
[Round "4.8"]
[White "Krizsany, Laszlo"]
[Black "Bellia, Fabrizio"]
[Result "1/2-1/2"]
[ECO "D36"]
[WhiteElo "2377"]
[BlackElo "2418"]
[Annotator "TA"]
[PlyCount "23"]
[EventDate "2022.06.20"]
[EventType "team-tourn"]
[EventCountry "ITA"]
[SourceTitle "playchess.com"]
[Source "ChessBase"]
[SourceQuality "1"]
[TimeControl "40/5400+30:1800+30"]

1. d4 d5 2. c4 e6 3. Nc3 Nf6 4. cxd5 exd5 5. Bg5 c6 6. e3 Be7 7. Bd3 O-O 8. Qc2 Nbd7 9. Nf3 Re8 10. O-O g6 11. Rab1 Nb6 {[%emt 0:00:00] [#] D36: Queen's Gambit Declined: Exchange Variation: Main line (5 Bg5 c6 6 Qc2).} 12. Rbc1 $146 {[%emt 0:11:30] Not much happened in this game.} ({Predecessor:} 12. Ne5 a5 13. Rbe1 Ng4 14. Bxe7 Qxe7 15. f4 Nh6 16. e4 dxe4 17. Nxe4 Bf5 18. Ng3 Bxd3 19. Qxd3 {½-½ (49) Shtembuliak,E (2501)-Rambaldi,F (2563) Columbus 2017}) 1/2-1/2

[Event "FIDE WSTC-50-65 2022"]
[Site "Acqui Terme"]
[Date "2022.06.23"]
[Round "4.9"]
[White "Knaak, Rainer"]
[Black "Nunn, John D M"]
[Result "0-1"]
[ECO "E73"]
[WhiteElo "2479"]
[BlackElo "2568"]
[Annotator "TA"]
[PlyCount "70"]
[EventDate "2022.06.20"]
[EventType "team-tourn"]
[EventCountry "ITA"]
[SourceTitle "playchess.com"]
[Source "ChessBase"]
[SourceQuality "1"]
[TimeControl "40/5400+30:1800+30"]

1. d4 Nf6 2. c4 g6 3. Nc3 Bg7 4. e4 d6 5. Be2 O-O 6. Be3 e5 7. d5 a5 8. g4 Na6 {[%emt 0:00:30] E73: King's Indian: Averbakh Variation without 6...c5.} 9. g5 {[%emt 0:00:30] is more profitable than 9.h4 at the moment.} Nd7 10. h4 f5 {[%emt 0:00:30] White is slightly better.} 11. gxf6 $1 Nxf6 ({Reject} 11... Qxf6 12. Qd2 $11) 12. h5 Nc5 13. hxg6 hxg6 14. Bf3 {[%emt 0:07:30] [#]} (14. Bxc5 $16 {And now Be3 would win.} dxc5 15. Qd3) 14... Kf7 $146 (14... c6 $11) ({Predecessor:} 14... c6 15. Nh3 cxd5 16. cxd5 b5 17. Ng5 b4 18. Ne2 Ng4 19. Bxg4 Bxg4 20. Rg1 Qd7 21. Bxc5 dxc5 {1-0 (44) Sarana,A (2649)-Matinian,N (2470) Cheboksary 2021}) 15. Nh3 $16 Bxh3 16. Rxh3 Qd7 17. Rg3 Rh8 18. Qd2 Rh3 19. O-O-O Rxg3 20. fxg3 Rh8 21. Kb1 b6 22. Rf1 Kg8 23. Bg5 Qh3 24. Qf2 ({White should play} 24. Qe1 $1 $14) 24... Nd3 $11 {[%emt 0:02:30] Pair of Knights!} 25. Qg1 {[%emt 0:06:45] aiming for Bxf6.} Ng4 (25... Qh2 $11 26. Qxh2 Rxh2) 26. Bxg4 (26. Be2 $16 Nc5 27. Bxg4 Qxg4 28. Qf2 $1 (28. Qe3 Rh2 $15)) 26... Qxg4 27. Qe3 Nc5 {[%emt 0:02:12] [#]} (27... Rh2 $11 28. Qxd3 Qxg5) 28. Bh4 (28. Qf2 $1 $16 {[%cal Rf2f7] Hoping for Qf7+.} Qd7 29. b3) 28... Rh5 29. Bd8 Qd7 30. Bg5 (30. Bh4 $11) 30... Qh3 $36 {[%emt 0:00:57][%mdl 2048] Black has strong initiative.} 31. Re1 {[%emt 0:03:06] [#]} (31. Rg1 $17 {was worth a try.}) 31... Qg4 $1 $19 32. Bd8 Bh6 33. Qe2 Qxg3 34. Bxc7 $2 (34. Qd1 $17 Rh2 35. Re2) 34... Rh2 35. Qd1 Rd2 {[%emt 0:00:17] Weighted Error Value: White=0.43/Black=0.23 (precise)} 0-1

[Event "FIDE WSTC-50-65 2022"]
[Site "Acqui Terme"]
[Date "2022.06.23"]
[Round "4.10"]
[White "Littlewood, Paul E"]
[Black "Chevelevitch, Evgueni"]
[Result "1-0"]
[ECO "E92"]
[WhiteElo "2347"]
[BlackElo "2369"]
[Annotator "TA"]
[PlyCount "101"]
[EventDate "2022.06.20"]
[EventType "team-tourn"]
[EventCountry "ITA"]
[SourceTitle "playchess.com"]
[Source "ChessBase"]
[SourceQuality "1"]
[TimeControl "40/5400+30:1800+30"]

1. d4 Nf6 2. c4 g6 3. Nc3 Bg7 4. e4 d6 5. Nf3 O-O 6. Be2 e5 7. d5 a5 8. Bg5 h6 9. Bh4 Na6 10. Nd2 Qe8 11. a3 Bd7 12. b3 Nh7 13. O-O h5 14. f3 Bh6 15. Rb1 Be3+ 16. Kh1 Bc5 17. Qc1 Qb8 {[%emt 0:09:30] E92: King's Indian: Classical: 6 Be2 e5: 7 dxe5, 7 Be3 and Petrosian System without 7...Nbd7.} 18. Bf2 Bxf2 19. Rxf2 c6 {[%emt 0:01:30] [#]} (19... Qd8 $11) 20. Nf1 $146 ({Predecessor:} 20. b4 Qa7 21. Rf1 axb4 22. axb4 Nf6 23. c5 dxc5 24. bxc5 Nxc5 25. Nc4 cxd5 26. Nb6 {1-0 (48) Jepson,C (2413)-Hagen,A (2377) Denmark 2018}) 20... Qa7 21. Ne3 f5 22. b4 (22. exf5 $16 Bxf5 23. Rb2) 22... f4 {[%emt 0:03:30] [#] Threatens to win with ...axb4.} 23. Ned1 {[%emt 0:00:30] Hoping for c5.} axb4 24. axb4 {[%emt 0:00:30][%cal Oc4c5] And now c5! would win.} c5 25. bxc5 Nxc5 26. Bf1 Qa5 27. Rfb2 Nf6 28. Nf2 Qc7 (28... Be8 $11 {remains equal.}) 29. Nd3 Nxd3 30. Bxd3 Bc8 31. Qc2 (31. Be2 {with more complications.} Qc5 32. Rb5 Qf2 33. Rb6) 31... Nd7 32. Na4 (32. c5 $5) 32... Ra5 33. Bf1 Nc5 34. Nxc5 Rxc5 35. Qa4 Ra5 36. Qb4 Kf7 37. Qc3 Ke7 (37... g5 $11) 38. Rb6 Qc5 39. Qc1 Qc7 40. Qe1 Rc5 41. Qb4 g5 42. Qa3 g4 43. Qa7 Kf6 $1 44. Rxd6+ Qxd6 45. Rb6 $36 {[%emt 0:00:01][%mdl 2048] White has good play.} Rc6 46. dxc6 Qd1 $1 {[%emt 0:11:08][%cal Rd1f1] [#]} 47. cxb7+ Be6 48. Rxe6+ Kxe6 49. Qa6+ Kd7 {[%emt 0:04:16][%cal Rd1f1][%mdl 1024] Black has compensation.} (49... Ke7 $5 50. Kg1 gxf3 51. Qa3+ Qd6 52. Qxf3 (52. Qa7 $2 Rb8 $19) 52... Qb6+ 53. c5 (53. Qf2 $2 Qxf2+ 54. Kxf2 Rb8 $17) 53... Qxb7 54. Qxh5 Qxe4 55. Qg5+ Ke6 $15) 50. Qb5+ Kd6 $2 (50... Ke6 $11 51. c5 gxf3) 51. b8=Q+ {[%emt 0:00:26] Weighted Error Value: White=0.16 (very precise) /Black=0.29 (precise)} 1-0

[Event "FIDE WSTC-50-65 2022"]
[Site "Acqui Terme"]
[Date "2022.06.23"]
[Round "4.11"]
[White "Kiefer, Gerhard"]
[Black "Povah, Nigel E"]
[Result "0-1"]
[ECO "B15"]
[WhiteElo "2224"]
[BlackElo "2201"]
[Annotator "NA RC"]
[PlyCount "70"]
[EventDate "2022.06.20"]
[EventType "team-tourn"]
[EventCountry "ITA"]
[SourceTitle "playchess.com"]
[Source "ChessBase"]
[SourceQuality "1"]
[TimeControl "40/5400+30:1800+30"]

1. e4 c6 2. d4 d5 3. Nc3 dxe4 4. Nxe4 Nf6 5. Nxf6+ exf6 6. c3 Bd6 7. Bd3 O-O 8. Qc2 Re8+ 9. Ne2 h5 10. Bd2 Nd7 11. O-O-O b5 12. Kb1 Nb6 13. Bf4 Be6 14. Bxd6 Qxd6 15. Ng3 Qd5 16. b3 a5 17. Nf1 a4 18. b4 Qxg2 19. Ne3 Qf3 20. Rhg1 h4 21. Ka1 Bb3 22. Qd2 Bxd1 23. Nf5 Kf8 24. Rxd1 g5 25. Ne3 Rad8 26. Bf1 Qf4 27. Bg2 Nd5 28. Bxd5 Rxd5 29. Nxd5 Qxd2 30. Rxd2 cxd5 31. Kb2 Re1 32. h3 Ke7 33. Ka3 f5 34. c4 dxc4 35. f4 Re3+ 0-1

[Event "FIDE WSTC-50-65 2022"]
[Site "Acqui Terme"]
[Date "2022.06.23"]
[Round "4.12"]
[White "Snape, Ian L"]
[Black "Kierzek, Matthias"]
[Result "1/2-1/2"]
[ECO "A29"]
[WhiteElo "2112"]
[BlackElo "2224"]
[Annotator "NA RC"]
[PlyCount "59"]
[EventDate "2022.06.20"]
[EventType "team-tourn"]
[EventCountry "ITA"]
[SourceTitle "playchess.com"]
[Source "ChessBase"]
[SourceQuality "1"]
[TimeControl "40/5400+30:1800+30"]

1. c4 e5 2. Nc3 Nf6 3. Nf3 Nc6 4. g3 Bb4 5. Nd5 e4 6. Nh4 O-O 7. Bg2 Re8 8. O-O d6 9. d3 exd3 10. Qxd3 Nxd5 11. cxd5 Ne5 12. Qc2 Bc5 13. h3 a5 14. Bd2 Bd7 15. Rad1 Bb5 16. Bc3 Qd7 17. Rfe1 Bb4 18. a3 Bxc3 19. Qxc3 Ng6 20. Nxg6 hxg6 21. e4 b6 22. f4 f6 23. Rc1 Rac8 24. Qc2 Re7 25. Kh2 Rce8 26. e5 fxe5 27. fxe5 Rxe5 28. Rxe5 Rxe5 29. Qxg6 Re2 30. Rc2 1/2-1/2

[Event "FIDE WSTC-50-65 2022"]
[Site "Acqui Terme"]
[Date "2022.06.23"]
[Round "4.13"]
[White "Meister, Jakob"]
[Black "Vaisser, Anatoly"]
[Result "1-0"]
[ECO "C13"]
[WhiteElo "2418"]
[BlackElo "2488"]
[Annotator "TA"]
[PlyCount "93"]
[EventDate "2022.06.20"]
[EventType "team-tourn"]
[EventCountry "ITA"]
[SourceTitle "playchess.com"]
[Source "ChessBase"]
[SourceQuality "1"]
[TimeControl "40/5400+30:1800+30"]

1. e4 e6 2. d4 d5 3. Nc3 Nf6 4. Bg5 dxe4 5. Nxe4 Be7 6. Bxf6 gxf6 7. Nf3 f5 8. Ned2 c5 {[%emt 0:01:30] C13: French: Classical System: 4 Bg5 Be7, Alekhine-Chatard Attack.} 9. Nc4 Nc6 10. dxc5 Qxd1+ {[%emt 0:06:30] The position is equal.} 11. Rxd1 {[%emt 0:00:30] Nd6+ is the strong threat.} Bxc5 12. c3 a5 {[%emt 0:02:30] [#]} 13. Nd6+ $146 {[%emt 0:02:30] Pair of Knights!} ({Predecessor:} 13. Be2 Ke7 14. O-O f6 15. a4 Rd8 16. Nfd2 b6 17. Bf3 Bd7 18. Nb3 Rab8 19. Rfe1 {½-½ (42) Jackova,J (2210)-Straub,N (2270) Frydek Mistek 1996}) 13... Ke7 14. Nxc8+ Rhxc8 15. a4 Rd8 16. Bd3 Kf6 17. Ke2 e5 {[%emt 0:14:30] [#] White must now prevent ...e4.} 18. Bb5 Ne7 19. g3 Nd5 20. Nd2 Nc7 21. Bc4 e4 22. f3 exf3+ 23. Nxf3 Re8+ {[%emt 0:04:30] [#]} 24. Kd2 $1 Re4 25. b3 f4 (25... Re3 $142 26. Nh4 (26. Nd4 Bxd4 27. cxd4 Re4 $11) 26... Rd8+ 27. Kc2 Rxd1 28. Rxd1 Re5) 26. Kc2 $16 Ne6 27. Rhf1 Ke7 28. Nd2 Re5 29. gxf4 Rf5 30. Ne4 Rg8 31. Rd5 Rg2+ 32. Kb1 Rxd5 33. Bxd5 Rg1 34. Rxg1 Bxg1 {[%emt 0:00:03][%mdl 4096] Endgame KBN-KBN} 35. f5 Nf4 36. Bxb7 Bxh2 37. Kc2 h5 (37... Nh5 $16 {was worth a try.} 38. b4 Bc7) 38. b4 $18 axb4 39. cxb4 Kd8 40. Ng5 Ne2 (40... Kc7 {was called for.}) 41. Kd3 ({Much less strong is} 41. Nxf7+ $6 Ke7 $18) 41... Nc1+ (41... Nf4+ 42. Kc4 f6) 42. Kc4 Kc7 43. Bf3 h4 44. Nxf7 {[%emt 0:01:30] Strongly threatening a5.} Bf4 45. a5 {[%emt 0:05:30] Threatening mate with b5.} Kb8 46. f6 h3 47. Nd8 {[%emt 0:04:30] Weighted Error Value: White=0.04 (flawless) /Black=0.49} (47. b5 $142 Ka7 48. Nd8 Bh6 49. Nc6+ Kb7 50. Nb4+ Kc7 51. b6+ Kd6 52. a6) 1-0

[Event "FIDE WSTC-50-65 2022"]
[Site "Acqui Terme"]
[Date "2022.06.23"]
[Round "4.14"]
[White "Roos, Louis"]
[Black "Klundt, Klaus"]
[Result "1-0"]
[ECO "D36"]
[WhiteElo "2286"]
[BlackElo "2295"]
[Annotator "NA RC"]
[PlyCount "83"]
[EventDate "2022.06.20"]
[EventType "team-tourn"]
[EventCountry "ITA"]
[SourceTitle "playchess.com"]
[Source "ChessBase"]
[SourceQuality "1"]
[TimeControl "40/5400+30:1800+30"]

1. Nf3 Nf6 2. c4 e6 3. Nc3 d5 4. cxd5 exd5 5. d4 c6 6. Qc2 g6 7. Bg5 Be7 8. e3 Bf5 9. Bd3 Bxd3 10. Qxd3 O-O 11. O-O Nbd7 12. h3 Re8 13. Bf4 Ne4 14. Nxe4 dxe4 15. Qxe4 Bd6 16. Qc2 Bxf4 17. exf4 Qf6 18. g3 Qe6 19. Kg2 Qd5 20. b3 Re4 21. Qc4 Nb6 22. Qxd5 Nxd5 23. Rfe1 Rxe1 24. Rxe1 a5 25. a4 Kf8 26. Ne5 Rd8 27. Nc4 b6 28. h4 Nb4 29. Nxb6 Rxd4 30. Nc4 Nd3 31. Re3 Rd5 32. Kf3 Nb4 33. Re5 Rd3+ 34. Re3 Rd5 35. Ke2 Nc2 36. Rd3 Nd4+ 37. Ke3 Nf5+ 38. Kd2 Rc5 39. Rd7 Ke8 40. Ra7 Rd5+ 41. Kc2 Nd4+ 42. Kb2 1-0

[Event "FIDE WSTC-50-65 2022"]
[Site "Acqui Terme"]
[Date "2022.06.23"]
[Round "4.15"]
[White "Salov, Sergej"]
[Black "Boudre, Jean-Pierre"]
[Result "1/2-1/2"]
[ECO "C78"]
[WhiteElo "2169"]
[BlackElo "2265"]
[Annotator "NA RC"]
[PlyCount "81"]
[EventDate "2022.06.20"]
[EventType "team-tourn"]
[EventCountry "ITA"]
[SourceTitle "playchess.com"]
[Source "ChessBase"]
[SourceQuality "1"]
[TimeControl "40/5400+30:1800+30"]

1. e4 e5 2. Nf3 Nc6 3. Bb5 a6 4. Ba4 Nf6 5. Nc3 Bd6 6. O-O O-O 7. Re1 Re8 8. a3 Bc5 9. b4 Ba7 10. h3 Nd4 11. Nxd4 Bxd4 12. Bb2 c6 13. Qf3 d6 14. Bb3 Be6 15. Nd1 Bxb2 16. Nxb2 d5 17. d3 a5 18. Na4 axb4 19. axb4 Qd6 20. Nc5 b6 21. Nxe6 fxe6 22. Rxa8 Rxa8 23. exd5 exd5 24. g4 Rf8 25. b5 Qb4 26. Rxe5 Qxb5 27. Rf5 Nd7 28. Qf4 Rxf5 29. Qxf5 Nf8 30. Qe5 Qc5 31. h4 Qb4 32. f3 h6 33. h5 Qd2 34. Kf1 Qd1+ 35. Kf2 Qd2+ 36. Kg3 Qc1 37. Kf2 Qd2+ 38. Kg3 Qc1 39. Qd4 Qe1+ 40. Kg2 Qe2+ 41. Qf2 1/2-1/2